 Dungeon Crawl Stone Soup version 0.30-a0-354-g6b83867211 (webtiles) character file.

Game seed: 2356880594415579862

132 blackman the Sneak (level 5, 0/41 HPs)
             Began as a Human Delver on Nov 7, 2022.
             Succumbed to a scorpion's poison
             ... on level 5 of the Dungeon.
             The game lasted 00:03:11 (777 turns).

blackman the Sneak (Human Delver)                    Turns: 777, Time: 00:03:11

Health: 0/41       AC:  3    Str: 13    XL:     5   Next: 38%
Magic:  5/5        EV: 12    Int: 16    God:
Gold:   77         SH:  0    Dex: 16    Spells: 4/4 levels left

rFire   . . .      SeeInvis .    e - +0 war axe (vorpal)
rCold   . . .      Faith    .    (no shield)
rNeg    . . .      Spirit   .    b - +0 leather armour
rPois   .          Reflect  .    (no helmet)
rElec   .          Harm     .    (no cloak)
rCorr   .          Rampage  .    (no gloves)
Will    .....                    (no boots)
Stlth   +++.......               (no amulet)
HPRegen 0.26/turn                h - +6 ring of intelligence
MPRegen 0.09/turn                (no ring)

@: lethally poisoned (0 -> -3), hasted, very quick
A: no striking features
a: no special abilities


You were on level 5 of the Dungeon.
You visited 1 branch of the dungeon, and saw 2 of its levels.

You collected 77 gold pieces.

Inventory:

Hand Weapons
 a - a +0 falchion
 e - a +0 vorpal war axe (weapon)
 i - a +0 rapier
Armour
 b - a +0 leather armour (worn)
 j - a +0 pair of gloves
Jewellery
 h - a +6 ring of intelligence (left hand)
Wands
 g - a wand of digging (3)
Scrolls
 c - a scroll of fog
 d - a scroll of magic mapping
 l - a scroll of enchant armour


   Skills:
 - Level 3.3 Fighting
 - Level 2.5 Long Blades
 - Level 2.5 Dodging
 - Level 5.3 Stealth
 * Level 3.2 Evocations


You had 4 spell levels left.
You didn't know any spells.
Your spell library contained the following spells:

 Spells                   Type           Power      Damage    Failure   Level
 Summon Lightning Spire   Summ/Air       0%         N/A       97%         4
 Storm Form               Tmut/Air       0%         N/A       100%        7
 Maxwell's Capacitive Co  Air            0%         ∞         100%        8


Dungeon Overview and Level Annotations

Branches:
Dungeon (6/15)
 Temple: D:4-7

Altars:

Shops:
D:5 :   D:6 *


Message History

The scorpion stings you!
You are more poisoned.
The scorpion poisons you! The scorpion stings you.
You are too injured to fight recklessly!
You are too injured to fight recklessly!
You slash the scorpion!
You kill the scorpion!
* * * LOW HITPOINT WARNING * * *
You feel extremely sick.
Your Evocations skill increases to level 3!
You have reached level 5!
There is a lethal amount of poison in your body!
You feel yourself speed up.
* * * LOW HITPOINT WARNING * * *
You feel very sick.
As you read the scroll labelled RINEID BAYLYHU, it crumbles to dust.
It is a scroll of identify.
l - a scroll of enchant armour
* * * LOW HITPOINT WARNING * * *
You feel sick.
As you read the scroll labelled VUIFAI LIPLOET, it crumbles to dust.
It is a scroll of amnesia.
You feel forgetful for a moment.
* * * LOW HITPOINT WARNING * * *
You feel sick.
Found 3 stones.
* * * LOW HITPOINT WARNING * * *
You feel sick.
There is an open door here.
Found a stone staircase leading up.
* * * LOW HITPOINT WARNING * * *
You feel sick.
* * * LOW HITPOINT WARNING * * *
You feel sick.
* * * LOW HITPOINT WARNING * * *
You feel sick.
* * * LOW HITPOINT WARNING * * *
You feel sick.
There is a stone staircase leading up here.
You die...

##......# #.......#
#.(.....###########...
#........#......#.....
#.....((.'......##....
#......##.>....##....
##......##......##....
#.......+.............
##...@..##............
########.............
#.......#.....
##.....##.....
#.###)###....
#.#........>.
#.#.###......
#...#........
###.#.###....


There were no monsters in sight!

Vanquished Creatures
  A scorpion (D:5)
  2 hounds
  A shadow imp (D:6)
  An ufetubus (D:5)
  An orc (D:5)
  A quokka (D:5)
7 creatures vanquished.

Notes
Turn   | Place    | Note
-------+----------+-------------------------------------------
     0 | D:5      | blackman the Human Delver began the quest for the Orb.
     0 | D:5      | Reached XP level 1. HP: 18/18 MP: 1/1
   207 | D:5      | Found Pialasut's Vocational Training.
   208 | D:5      | Noticed a hound
   222 | D:5      | Killed a hound
   223 | D:5      | Reached XP level 2. HP: 19/24 MP: 2/2
   223 | D:5      | Reached XP level 3. HP: 23/29 MP: 3/3
   496 | D:6      | Found Uluatecs's Neck Hole.
   531 | D:6      | Reached skill level 1 in Evocations
   531 | D:6      | Reached XP level 4. HP: 18/35 MP: 4/4
   761 | D:5      | Noticed a scorpion
   767 | D:5      | Killed a scorpion
   768 | D:5      | Reached XP level 5. HP: 11/41 MP: 5/5
   773 | D:5      | HP: 2/41 [poisoned by a scorpion]
   777 | D:5      | Succumbed to a scorpion's poison

Illustrated notes

Levels and vault maps discovered:
D:5:      layout_gridville, doesnt_xom_only_xom, hangedman_abyss_or_decor_stabs,
          minmay_misc_feat_plants, minmay_misc_feat_roman,
          minmay_misc_feat_tiny, nicolae_shop_vocational
D:6:      layout_layer_cave, minmay_temple_entry_from_below_a,
          nicolae_shop_sticking_my_neck_out

Skill      XL: |  1  2  3  4 |
---------------+-------------+-----
Evocations     | 1 3 |  3.2
Fighting       | |  3.3
Long Blades    | |  2.5
Dodging        | |  2.5
Stealth        | |  5.3

Action                   |  1- 3 |  4- 6 || total
-------------------------+-------+-------++-------
Melee: Falchion          |     6 |       ||     6
       Rapier            |    11 |       ||    11
       War axe           |     6 |     6 ||    12
Throw: Dart              |     8 |     2 ||    10
  Use: Potion            |     1 |     1 ||     2
       Scroll            |     1 |     2 ||     3
Armor: Leather armour    |     4 |     1 ||     5
Dodge: Dodged            |    21 |     3 ||    24

Table legend: (Time is in decaauts)
 A = Elapsed time spent in this place.
 B = Non-inter-level travel time spent in this place.
 C = Inter-level travel time spent in this place.
 D = Time resting spent in this place.
 E = Time spent auto-exploring this place.
 F = Levels seen in this place.
 G = Mean time per level.
                   A        B        C        D        E       F      G
               +--------+--------+--------+--------+--------+-----+--------+
         Total |    767 |    747 |     20 |      0 |    560 |   2 |  383.5 |
       Dungeon |    767 |    747 |     20 |      0 |    560 |   2 |  383.5 |
               +--------+--------+--------+--------+--------+-----+--------+

Top non-repeatable levels by time:
     D:5: 392 daAuts
     D:6: 375 daAuts
